 Dungeon Crawl Stone Soup version 0.30-a0-1163-gf69bf04e7a (webtiles) character file.

Game seed: 8159779110037337175

4907 Mickster the Cleaver (level 10, -1/88 HPs)
             Began as a Hill Orc Berserker on Apr 28, 2023.
             Was an Elder of Trog.
             Slain by a two-headed ogre
             ... wielding a +0 giant club
              (5 damage)
             ... on level 9 of the Dungeon on Apr 29, 2023.
             The game lasted 01:22:27 (6778 turns).

Mickster the Cleaver (Hill Orc Berserker)           Turns: 6778, Time: 01:22:30

Health: -1/88      AC: 21    Str: 23    XL:     10   Next: 51%
Magic:  10/10      EV: 13    Int: 10    God:    Trog [****..]
Gold:   315        SH:  0    Dex: 13    Spells: 9/9 levels left

rFire   . . .        K - +2 spear (venom)
rCold   . . .        (no shield)
rNeg    . . .        c - +1 plate armour
rPois   +            n - +1 helmet
rElec   .            w - +1 cloak
rCorr   .            o - +0 pair of gloves
SInv    .            (no boots)
Will    .....        (no amulet) Stlth
                     i - ring of poison resistance
HPRegen 0.34/turn    g - +5 ring of evasion
MPRegen 0.12/turn

%: no passive effects
@: no status effects
A: agile 1, clever 1
a: Renounce Religion, Berserk, Trog's Hand, Brothers in Arms


You were on level 9 of the Dungeon.
You worshipped Trog.
Trog was greatly pleased with you.
You visited 1 branch of the dungeon, and saw 9 of its levels.

You collected 315 gold pieces.

Inventory:

Hand Weapons
 a - a +0 hand axe
 m - a +0 war axe
 p - a +1 spear of venom
 r - the +2 mace "Begaw" {freeze, rC+ MP+9}
   (You found it on level 4 of the Dungeon)

   rC:        It protects you from cold.
   MP:        It affects your magic capacity (+9).
 t - a +2 dagger of draining
 x - a +0 spear of venom
 A - a +0 hand axe of flaming
 D - a +0 sling
 H - a +2 dagger of venom
 I - a +2 hand axe of freezing
 K - a +2 spear of venom (weapon)
Missiles
 k - 68 stones
 v - a throwing net
 E - 9 poisoned darts
 J - 2 boomerangs of dispersal (quivered)
Armour
 c - a +1 plate armour (worn)
 n - a +1 helmet (worn)
 o - a +0 pair of gloves (worn)
 w - a +1 cloak (worn)
 B - a +0 robe of willpower
 L - a +0 kite shield
Jewellery
 g - a +5 ring of evasion (right hand)
 i - a ring of poison resistance (left hand)
 l - a +6 ring of intelligence
 C - a +6 ring of dexterity
Wands
 f - a wand of flame (14)
 y - a wand of roots (12)
 G - a wand of paralysis (10)
Scrolls
 h - a scroll of teleportation
 j - 3 scrolls of blinking
 s - 2 scrolls of fear
 z - a scroll of fog
 F - 2 scrolls of identify
Potions
 b - 2 potions of curing
 d - 2 potions of lignification
 e - a potion of might
 q - a potion of berserk rage
 u - a potion of haste


   Skills:
 + Level 7.7 Fighting
 - Level 13.3(13.8) Axes
 - Level 2.9(7.8) Maces & Flails
 * Level 3.4(8.1) Polearms
 * Level 2.3 Throwing
 + Level 9.0 Armour
 + Level 2.4 Dodging
 + Level 0.6 Stealth


You had 9 spell levels left.
You didn't know any spells.
Your spell library was empty.

Dungeon Overview and Level Annotations

Branches:
Dungeon (9/15)             Temple (0/1) D:4
   Lair: D:8-11         Orc: D:9-12

Altars:
Dithmenos
Vehumet

Shops:
D:1 !   D:6 !

Annotations:
D:6 1 transporter
D:7 3 runed translucent doors, Djinni's ghost, novice DESu


Innate Abilities, Weirdness & Mutations

You are agile. (Dex +4, Str/Int -1)
Your mind is acute. (Int +4, Str/Dex -1)


Message History

You puncture the two-headed ogre!
The two-headed ogre is poisoned.
The two-headed ogre is lightly wounded.
The two-headed ogre closely misses you.
The two-headed ogre hits you with a +0 dire flail!
You hit the two-headed ogre.
The two-headed ogre looks as sick as possible!
The two-headed ogre is lightly wounded.
You hit the two-headed ogre.
The two-headed ogre looks as sick as possible!
The two-headed ogre is moderately wounded.
The two-headed ogre hits you with a +0 giant club!!
* * * LOW HITPOINT WARNING * * *
The two-headed ogre hits you with a +0 dire flail.
* * * LOW HITPOINT WARNING * * *
You hit the two-headed ogre.
The two-headed ogre is moderately wounded.
You hit the two-headed ogre.
The two-headed ogre looks as sick as possible!
The two-headed ogre is moderately wounded.
You hit the two-headed ogre.
The two-headed ogre looks as sick as possible!
The two-headed ogre is heavily wounded.
The two-headed ogre closely misses you.
The two-headed ogre hits you with a +0 dire flail!
* * * LOW HITPOINT WARNING * * *
You hit the two-headed ogre.
The two-headed ogre is severely wounded.
You hit the two-headed ogre.
The two-headed ogre is severely wounded.
The two-headed ogre closely misses you. The two-headed ogre misses you.
You hit the two-headed ogre.
The two-headed ogre looks as sick as possible!
The two-headed ogre is severely wounded.
You hit the two-headed ogre but do no damage.
The two-headed ogre looks as sick as possible!
The two-headed ogre is severely wounded.
The two-headed ogre hits you with a +0 giant club.
* * * LOW HITPOINT WARNING * * *
The two-headed ogre hits you with a +0 dire flail.
You die...

###.....###†.).#
...........†...#
###.....######.#
#.....# #.## #
#####.# #.)###
#.# #.# ##...###
#...######.####
###.#..
....⌠.........#
#....
......O@~$....#
###...
⌠.>...^.~.....#
#.....
........~~....#
#.##..
....⌠.........#
#. #..
..............#
# #..
####............
#..
########.....#
#.. .....# #..
...


You could see a two-headed ogre (extremely poisoned).

Vanquished Creatures
  Grinder (D:3)
  A troll (D:9)
  A hornet (D:8)
  A wyvern (D:8)
  8 yaks (D:9)
  A steam dragon (D:6)
  2 water moccasins
  3 orc warriors
  An ice beast (D:8)
  A black bear (D:8)
  A centaur (D:6)
  2 ogres
  A kobold brigand (D:8)
  6 bullfrogs
  4 gnoll sergeants
  A scorpion (D:5)
  9 killer bees (D:7)
  A howler monkey (D:5)
  An electric eel (D:9)
  2 hounds (D:5)
  An orc priest (D:8)
  2 jellies
  Jessica (D:2)
  Terence (D:2)
  4 orc wizards
  5 iguanas
  Robin (D:2)
  12 gnolls
  4 adders
  A shadow imp (D:7)
  2 white imps
  An ufetubus (D:5)
  4 dart slugs
  38 orcs
  10 endoplasms
  4 giant cockroaches
  8 goblins
  16 hobgoblins
  8 kobolds
  3 quokkas
  3 ball pythons
  5 bats
  3 frilled lizards
  6 rats
191 creatures vanquished.

Notes
Turn   | Place    | Note
-------+----------+-------------------------------------------
     0 | D:1      | Mickster the Hill Orc Berserker began the quest for the
                  | Orb.
     0 | D:1      | Reached XP level 1. HP: 19/19 MP: 1/1
    95 | D:1      | Reached XP level 2. HP: 24/27 MP: 2/2
   338 | D:1      | Found Uhauc's Distillery.
   404 | D:1      | Reached XP level 3. HP: 33/33 MP: 3/3
   604 | D:2      | Noticed Terence
   624 | D:2      | HP: 1/33 [Terence/+0 mace (7)]
   642 | D:2      | Killed Terence
   642 | D:2      | Reached ** piety under Trog
   643 | D:2      | Reached skill level 5 in Axes
   881 | D:2      | Reached XP level 4. HP: 41/41 MP: 4/4
   960 | D:2      | Noticed Robin
  1229 | D:2      | Killed Robin
  1246 | D:2      | Reached skill level 6 in Axes
  1315 | D:2      | Noticed Jessica
  1329 | D:2      | Killed Jessica
  1330 | D:2      | Reached XP level 5. HP: 47/47 MP: 5/5
  1845 | D:3      | Noticed Grinder
  1867 | D:3      | Paralysed by Grinder for 3 turns
  1870 | D:3      | Killed Grinder
  1871 | D:3      | Reached XP level 6. HP: 55/55 MP: 6/6
  2005 | D:3      | You fall into a shaft and drop 1 floor!
  2044 | D:4      | Identified the +2 mace "Begaw" {freeze, rC+ MP+9}
  2330 | D:4      | Found a staircase to the Ecumenical Temple.
  2359 | D:4      | Reached skill level 5 in Fighting
  2359 | D:4      | Reached skill level 1 in Maces & Flails
  2359 | D:4      | Reached skill level 5 in Armour
  2359 | D:4      | Reached XP level 7. HP: 61/61 MP: 7/7
  2885 | D:5      | Entered Level 5 of the Dungeon
  3449 | D:5      | Reached *** piety under Trog
  3768 | D:6      | Reached XP level 8. HP: 69/69 MP: 8/8
  3945 | D:6      | Found a transporter.
  3945 | D:6      | Found Ryosit's Distillery.
  4070 | D:6      | Reached skill level 7 in Axes
  4241 | D:6      | Reached skill level 8 in Axes
  4396 | D:7      | Reached skill level 9 in Axes
  4417 | D:7      | Reached XP level 9. HP: 60/75 MP: 9/9
  4430 | D:7      | Reached skill level 10 in Axes
  4818 | D:7      | Found a radiant altar of Vehumet.
  5079 | D:7      | Found a runed translucent gate.
  5080 | D:7      | Found a runed translucent gate.
  5081 | D:7      | Found a runed translucent gate.
  5081 | D:7      | Noticed Djinni's ghost (novice DESu)
  5081 | D:7      | Noticed a kobold demonologist
  5082 | D:7      | Noticed a gargoyle
  5105 | D:7      | Gained mutation: Your mind is acute. (Int +4, Str/Dex -1)
                  | [potion of mutation]
  5105 | D:7      | Gained mutation: You are agile. (Dex +4, Str/Int -1)
                  | [potion of mutation]
  5149 | D:7      | Found a shadowy altar of Dithmenos.
  5620 | D:8      | Noticed a hornet
  5631 | D:8      | Killed a hornet
  5738 | D:8      | Reached skill level 11 in Axes
  6006 | D:8      | Reached skill level 1 in Throwing
  6525 | D:9      | Reached skill level 12 in Axes
  6525 | D:9      | Reached XP level 10. HP: 78/86 MP: 10/10
  6640 | D:9      | Reached **** piety under Trog
  6641 | D:9      | Reached skill level 13 in Axes
  6766 | D:9      | Noticed a two-headed ogre
  6778 | D:9      | HP: 4/88 [two-headed ogre/+0 giant club (6)]
  6778 | D:9      | Slain by a two-headed ogre

Illustrated notes

Levels and vault maps discovered:
D:1:      psy_arrival_basics, layout_loops_ring, serial_shops,
          nicolae_shop_tiny_waterfront
D:2:      minmay_skewed_foursquare, layout_rooms, dk_noncrumbling_3,
          uniq_jessica, uniq_robin, uniq_crazy_yiuf_cottage, uniq_terence
D:3:      layout_loops_ring, gammafunk_temple_overflow_elements,
          nicolae_ecumenical_lake_church, minmay_bisected, uniq_grinder
D:4:      layout_loops_corners, minmay_temple_entry_grid
D:5:      layout_basic
D:6:      layout_loops_ring, serial_shops, nicolae_shop_drivethru,
          serial_bayou_pond_c
D:7:      layout_loops_corners, grunt_dithmenos_smoke, nicolae_vehumet_radiance,
          gammafunk_ghost_split
D:8:      layout_basic, mainiacjoe_overflow_swirl, special_room
          [special_room_orc]
D:9:      layout_basic, enter_bailey_8, grunt_ministairs_1

Skill      XL: |  1  2  3  4  5  6  7  8  9 10 |
---------------+-------------------------------+-----
Fighting       | 4 5 7 |  7.7
Axes           | 5 6 9 12 13 | 13.3
Armour         | 3 4 5 6 7 8 9 |  9.0
Polearms       | 2 3 |  3.4
Maces & Flails | 1 2 |  2.9
Dodging        | 2 |  2.4
Throwing       | 1 2 |  2.3
Stealth        | |  0.6

Action                     |  1- 3 |  4- 6 |  7- 9 | 10-12 || total
---------------------------+-------+-------+-------+-------++-------
  Melee: Hand axe          |    79 |    71 |   182 |    44 ||   376
         Punch             |     1 |     2 |     6 |     1 ||    10
         Spear             |       |    29 |    68 |    24 ||   121
         Mace              |       |    15 |    38 |       ||    53
         War axe           |       |       |    85 |       ||    85
 Invoke: Berserk           |     1 |     3 |    11 |     2 ||    17
         Trog's Hand       |       |     2 |     6 |       ||     8
    Use: Potion            |    10 |       |     6 |       ||    16
         Scroll            |     1 |     4 |     5 |       ||    10
 Armour: Plate armour      |    57 |    51 |   206 |    15 ||   329
         Animal skin       |     4 |       |       |       ||     4
  Dodge: Dodged            |    29 |    85 |   302 |    21 ||   437

Table legend: (Time is in decaauts)
 A = Elapsed time spent in this place.
 B = Non-inter-level travel time spent in this place.
 C = Inter-level travel time spent in this place.
 D = Time resting spent in this place.
 E = Time spent auto-exploring this place.
 F = Levels seen in this place.
 G = Mean time per level.
                   A        B        C        D        E       F      G
               +--------+--------+--------+--------+--------+-----+--------+
         Total |   6869 |   6293 |    576 |   1087 |      0 |   9 |  763.2 |
       Dungeon |   6869 |   6293 |    576 |   1087 |      0 |   9 |  763.2 |
               +--------+--------+--------+--------+--------+-----+--------+

Top non-repeatable levels by time:
     D:7: 1153 daAuts
     D:2: 1103 daAuts
     D:5: 911 daAuts
     D:4: 879 daAuts
     D:8: 844 daAuts
     D:6: 562 daAuts
     D:1: 477 daAuts
     D:9: 473 daAuts
     D:3: 464 daAuts
